 Dungeon Crawl Stone Soup version 0.31-a0-1540-g5a0b83f448 (webtiles) character file.

Game seed: 14594181901674335813

892 dialectric the Ducker (level 7, -7/63 (67) HPs)
             Began as a Troll Shapeshifter on Jan 2, 2024.
             Mangled by an ice beast (10 damage)
             ... on level 4 of the Dungeon.
             The game lasted 00:04:04 (3306 turns).

dialectric the Ducker (Troll Shapeshifter)          Turns: 3306, Time: 00:04:05

HP:   -7/63 (67)    AC:  4    Str: 23    XL:     7   Next: 78%
MP:   6/6           EV: 11    Int:  8    God:
Gold: 288           SH:  0    Dex: 11    Spells: 6/6 levels left

rFire   . . .        l - +1 flail "Delar" {drain, rPois Int+2 Stlth-}
rCold   . . .        (no shield)
rNeg    . . .        a - +0 animal skin
rPois   +            (helmet currently unavailable)
rElec   .            (cloak currently unavailable)
rCorr   .            (gloves unavailable)
SInv    .            (boots unavailable)
Will    .....        h - amulet of regeneration Stlth
                     p - +4 ring of slaying
HPRegen 1.90/turn    (no ring)
MPRegen 0.10/turn

%: no passive effects
@: beast-form, drained
A: beast (slay +2), large, unfitting armour, claws 3, regeneration 1, shaggy fur
1, tough skin 1
a: Begin Untransformation


You were on level 4 of the Dungeon.
You were a hulking beast.
You visited 1 branch of the dungeon, and saw 5 of its levels.
You also visited: Sewer.

You collected 288 gold pieces.

Inventory:

Hand Weapons
 l - the +1 flail "Delar" (weapon) {drain, rPois Int+2 Stlth-}
   (You found it on level 2 of the Dungeon)

   Int+2:     It affects your intelligence (+2).
   rPois:     It protects you from poison Stlth-: It makes you less stealthy.
Missiles
 u - a throwing net
 x - 13 poisoned darts
 y - a curare-tipped dart
Armour
 a - a +0 animal skin (worn)
Jewellery
 h - an amulet of regeneration (around neck)
 p - a +4 ring of slaying (left claw)
 v - a +4 ring of protection
Talismans
 c - a beast talisman
 d - a flux talisman
Wands
 m - a wand of flame (19)
 t - a wand of digging (6)
Scrolls
 e - 3 scrolls of revelation {unknown}
 f - 4 scrolls of immolation
 g - 3 scrolls of poison {unknown}
 j - 2 scrolls of identify {unknown}
 k - 3 scrolls of blinking {unknown}
 n - 2 scrolls of vulnerability {unknown}
 q - a scroll of enchant weapon {unknown}
 s - a scroll of fear {unknown}
 A - a scroll of amnesia {unknown}
Potions
 b - a potion of lignification
 i - 3 potions of haste {unknown}
 o - 2 potions of attraction {unknown}
 r - 3 potions of curing {unknown}
 w - a potion of brilliance {unknown}
 z - a potion of magic {unknown}


   Skills:
 + Level 3.2 Fighting
 + Level 2.8 Maces & Flails
 * Level 4.7 Dodging
 - Level 4.0 Unarmed Combat
 + Level 4.6 Shapeshifting


You had 6 spell levels left.
You didn't know any spells.
Your spell library contained the following spells:

 Spells                   Type           Power      Damage    Failure   Level
 Lesser Beckoning         Tloc           0%         N/A       54%         2
 Gell's Gravitas          Tloc           0%         N/A       78%         3
 Dimensional Bullseye     Hex/Tloc       0%         N/A       99%         4
 Passage of Golubria      Tloc           0%         N/A       99%         4
 Dispersal                Tloc           0%         N/A       100%        6


Dungeon Overview and Level Annotations

Branches:
Dungeon (5/15)              Sewer (visited)
 Temple: D:4-7

Altars:
Gozag
Uskayaw

Annotations:
D:3 1 runed translucent door, Crazy Yiuf


Innate Abilities, Weirdness & Mutations

You are a hulking beast.
Your limbs bulge with bestial killing power. (Slay +2)
You are too large for most types of armour.
You have claws for hands.
Your natural rate of healing is unusually fast.
You are covered in fur. (AC +1)
You have tough skin. (AC +1)


Message History

The ice beast hits you. The ice beast freezes you!
The wight attacks as it pursues you! The wight hits you but does no damage.
The wight attacks as it pursues you!
The wight hits you from afar with a +0 trident.
You hear an angry hiss. x2
The wight attacks as it pursues you! The wight barely misses you.
The ice beast barely misses you.
The frilled lizard hisses.
The ice beast attacks as it pursues you!
The ice beast hits you. The ice beast freezes you!
* * * LOW HITPOINT WARNING * * *
There is a stone staircase leading up here.
The ice beast closely misses you.
You climb upwards.
There is a stone staircase leading down here.
Unknown command.
Unknown command.
You hit the ice beast.
The ice beast is lightly wounded.
The ice beast closely misses you.
You barely miss the ice beast.
The ice beast is lightly wounded.
The ice beast hits you. The ice beast freezes you!
* * * LOW HITPOINT WARNING * * *
The ice beast barely misses you.
You completely miss the ice beast.
The ice beast is lightly wounded.
The ice beast hits you but does no damage.
You closely miss the ice beast. You claw the ice beast!
The ice beast is heavily wounded.
The ice beast hits you.
* * * LOW HITPOINT WARNING * * *
The ice beast freezes you!
* * * LOW HITPOINT WARNING * * *
You sock the ice beast!
The ice beast is almost dead.
The ice beast hits you.
* * * LOW HITPOINT WARNING * * *
The ice beast freezes you!
You die...

....# #..###....#......####.>.###
..#####...#.......#.....###..##
..###.............##....##...##
..##.#............#.....####..###
.....#......[.....##....#.....#..
.#...............................
##............##...#..........#..
##..........###..................
.............##.h##..............
#.....8.8.......Y................
.........##.###.....##....###)...
....8.8.8..................#.....
.................#............##.
......8...###....#....##...##..#.
..........# #.#........###..##...
.........####...............#....
.....##.###.....#.#..##..........


You could see an ice beast.

Vanquished Creatures
  A water moccasin (D:4)
  A sky beast (D:3)
  3 kobold brigands (Sewer)
  Blork the orc (D:5)
  A wight (D:5)
  A bombardier beetle (D:3)
  An orc priest (D:3)
  2 jellies (D:4)
  An iguana (D:4)
  4 gnolls
  4 adders
  2 river rats (Sewer)
  2 dart slugs (D:1)
  8 ribbon worms
  6 orcs
  9 ball pythons
  13 endoplasms
  2 giant cockroaches
  9 goblins
  9 hobgoblins
  13 kobolds
  6 quokkas
  5 bats
  9 rats
113 creatures vanquished.

Notes
Turn   | Place    | Note
-------+----------+-------------------------------------------
     0 | D:1      | dialectric the Troll Shapeshifter began the quest for the
                  | Orb.
     0 | D:1      | Reached XP level 1. HP: 18/18 MP: 0/0
   118 | D:1      | Reached skill level 1 in Fighting
   189 | D:1      | Reached XP level 2. HP: 25/27 MP: 1/1
   592 | D:2      | Reached XP level 3. HP: 33/33 MP: 2/2
  1002 | D:2      | Identified the +1 flail "Delar" {drain, rPois Int+2 Stlth-}
  1042 | D:2      | Identified the +4 short sword "Bidaum" {flame, *Slow rPois
                  | Will+ Stlth+}
  1400 | D:3      | Reached XP level 4. HP: 39/41 MP: 3/3
  1539 | D:3      | Noticed a sky beast
  1543 | D:3      | Killed a sky beast
  1544 | D:3      | Reached skill level 1 in Maces & Flails
  1544 | D:3      | Reached XP level 5. HP: 49/49 MP: 4/4
  1601 | D:3      | Found an opulent altar of Gozag.
  1758 | D:3      | Found a hide-covered altar of Uskayaw.
  1845 | D:3      | Reached XP level 6. HP: 54/57 MP: 5/5
  2001 | D:3      | Found a runed translucent door.
  2002 | D:3      | Noticed Crazy Yiuf
  2177 | D:4      | Noticed a water moccasin
  2184 | D:4      | Killed a water moccasin
  2262 | D:4      | Got the Secrets of Angles
  2453 | D:4      | Found a glowing drain.
  2457 | Sewer    | Entered a sewer
  2552 | Sewer    | Reached XP level 7. HP: 57/66 MP: 6/6
  3282 | D:5      | Entered Level 5 of the Dungeon
  3282 | D:5      | Noticed Blork the orc
  3288 | D:5      | Killed Blork the orc
  3305 | D:4      | HP: 2/63 [ice beast (13)]
  3306 | D:4      | Mangled by an ice beast

Illustrated notes

Levels and vault maps discovered:
D:1:      beargit_arrival_greenhouse, layout_loops_ring
D:2:      layout_loops_ring, grunt_decor_arrowhead, minmay_misc_feat_tower,
          minmay_octomino_e4
D:3:      layout_loops_cross, nicolae_uskayaw_murder_on_the_dancefloor,
          nicolae_gozag_cash_rules_everything_around_me, uniq_crazy_yiuf_cottage
D:4:      layout_cave_pools, serial_column_ruins, column_ruins_hut_ruined,
          column_ruins_hut_pillars, column_ruins_columns_corner,
          column_ruins_open_tiny, column_ruins_open_small,
          column_ruins_corridor_T, column_ruins_open_tiny, gup_sewer_entry_bowl,
          minmay_increasing_density
D:5:      layout_gridville, minmay_temple_entry_statues_fountains,
          grunt_decor_junction, corexii_corridor_pit, minmay_lizard_king,
          uniq_ijyb, uniq_blork_the_orc

Skill      XL: |  1  2  3  4  5  6  7 |
---------------+----------------------+-----
Fighting       | 1 2 3 |  3.2
Dodging        | 2 3 4 |  4.7
Maces & Flails | 1 2 |  2.8
Unarmed Combat | 4 |  4.0
Shapeshifting  | 4 |  4.6

Action                     |  1- 3 |  4- 6 |  7- 9 || total
---------------------------+-------+-------+-------++-------
  Melee: Unarmed           |    96 |       |       ||    96
         Flail             |     3 |    84 |    63 ||   150
         Punch             |       |     1 |     1 ||     2
    Use: Scroll            |       |     1 |       ||     1
 Armour: Animal skin       |    68 |    56 |    43 ||   167
  Dodge: Dodged            |    41 |    39 |    47 ||   127

Table legend: (Time is in decaauts)
 A = Elapsed time spent in this place.
 B = Non-inter-level travel time spent in this place.
 C = Inter-level travel time spent in this place.
 D = Time resting spent in this place.
 E = Time spent auto-exploring this place.
 F = Levels seen in this place.
 G = Mean time per level.
                   A        B        C        D        E       F      G
               +--------+--------+--------+--------+--------+-----+--------+
         Total |   3344 |   3225 |    119 |      0 |   2490 |   6 |  557.3 |
       Dungeon |   2792 |   2673 |    119 |      0 |   2143 |   5 |  558.4 |
         Sewer |    552 |    552 |      0 |      0 |    347 |   1 |  552.0 |
               +--------+--------+--------+--------+--------+-----+--------+

Top non-repeatable levels by time:
     D:2: 788 daAuts
     D:3: 764 daAuts
     D:4: 641 daAuts
     D:1: 577 daAuts
   Sewer: 552 daAuts
     D:5: 20 daAuts
